 Dungeon Crawl Stone Soup version 0.31-a0-851-g7ff8af7976 (webtiles) character file.

Game seed: 10897755949385503797

130 javelincjr the Sneak (level 5, -4/31 HPs)
             Began as an Octopode Hedge Wizard on Oct 6, 2023.
             Was a Believer of Jiyva.
             Slain by a gnoll
             ... wielding a +0 heavy halberd
             ... led by a gnoll bouda
              (25 damage)
             ... on level 4 of the Dungeon.
             The game lasted 00:07:45 (2567 turns).

javelincjr the Sneak (Octopode Hedge Wizard)        Turns: 2567, Time: 00:07:45

Health: -4/31      AC:  1    Str:  9    XL:     5   Next: 14%
Magic:  10/10      EV: 13    Int: 18    God:    Jiyva [**....]
Gold:   110        SH:  0    Dex: 12    Spells: 6/11 levels left

rFire   + . .        a - +0 dagger
rCold   . . .        (no shield)
rNeg    . . .        b - +0 hat
rPois   .            (no amulet)
rElec   .            k - ring of willpower
rCorr   +            n - ring of protection from fire
SInv    .            (no ring)
Will    +....        (no ring)
Stlth   +++          (no ring)
HPRegen 1.21/turn    (no ring)
MPRegen 0.42/turn    (no ring)
                     (no ring)

%: no passive effects
@: no status effects
A: almost no armour, amphibious, 8 rings, camouflage 1, gelatinous body 1,
(nimble swimmer 1), tentacles
a: Renounce Religion


You were on level 4 of the Dungeon.
You worshipped Jiyva.
Jiyva was pleased with you.
You visited 1 branch of the dungeon, and saw 4 of its levels.

You collected 110 gold pieces.

Inventory:

Hand Weapons
 a - a +0 dagger (weapon)
Missiles
 g - 9 poisoned darts
Armour
 b - a +0 hat (worn)
 i - a +0 tower shield
Jewellery
 k - a ring of willpower (left tentacle)
 n - a ring of protection from fire (right tentacle)
Scrolls
 f - 2 scrolls of teleportation {unknown}
 h - a scroll of vulnerability {unknown}
 l - a scroll of torment {unknown}
Potions
 c - a potion of magic
 d - 2 potions of invisibility {unknown}
 e - a potion of curing {unknown}
 j - a potion of enlightenment {unknown}
 m - a potion of mutation {unknown}


   Skills:
 + Level 2.7 Dodging
 + Level 3.8 Stealth
 + Level 0.7 Shields
 * Level 3.7 Spellcasting
 + Level 1.7 Conjurations
 + Level 1.7 Summonings
 + Level 1.7 Translocations


You had 6 spell levels left.
You knew the following spells:

 Your Spells              Type           Power      Damage    Failure   Level
a - Magic Dart            Conj           36%        1d4       8%          1
b - Call Imp              Summ           18%        N/A       11%         2
c - Blink                 Tloc           18%        N/A       11%         2

Your spell library contained the following spells:

 Spells                   Type           Power      Damage    Failure   Level
 Slow                     Hex            12%        N/A       16%         1
 Cigotuvi's Dreadful Rot  Necr/Pois/Air  6%         N/A       22%         2
 Sublimation of Blood     Necr           3%         N/A       22%         2
 Wereblood                Tmut           3%         N/A       22%         2
 Mephitic Cloud           Conj/Pois/Air  5%         N/A       34%         3
 Ignite Poison            Fire/Tmut/Pois 3%         N/A       41%         3
 Sticky Flame             Conj/Fire      6%         2d3       71%         4
 Summon Hydra             Summ           4%         N/A       100%        7
 Ignition                 Fire           1%         3d3       100%        8


Dungeon Overview and Level Annotations

Branches:
Dungeon (4/15)
 Temple: D:4-7

Altars:
Jiyva


Innate Abilities, Weirdness & Mutations

You cannot wear most types of armour.
You are amphibious.
You can wear up to eight rings at the same time.
Your skin changes colour to match your surroundings (Stealth+).
Your rubbery body absorbs attacks. (AC +1, EV +1)
((You are camouflaged when in or above water. (Stealth+)))
You have tentacles for arms and can constrict up to eight enemies at once.


Message History

Your cerulean imp hits the gnoll bouda but does no damage.
The gnoll hits you from afar with a +0 spear.
The gnoll bouda gazes fiercely through you!
You feel your attacks grow feeble. The gnoll bouda completely misses you.
You hit the gnoll bouda.
You kill the gnoll bouda!
The gnoll hits you from afar with a +0 spear!
* * * LOW HITPOINT WARNING * * *
You have reached level 5!
You feel agile.
You swap places.
Your cerulean imp barely misses the gnoll.
The gnoll attacks as it pursues you! The gnoll closely misses you.
You hear a distant slurping noise.
There is a stone staircase leading up here.
Your attacks no longer feel as feeble.
Your cerulean imp closely misses the gnoll.
The gnoll closely misses your cerulean imp.
Your cerulean imp barely misses the gnoll.
The gnoll hits your cerulean imp with a +0 spear.
Your cerulean imp hits the gnoll with a -4 spear.
The gnoll hits your cerulean imp with a +0 spear.
Your cerulean imp hits the gnoll with a -4 spear.
The gnoll hits your cerulean imp with a +0 spear.
Your cerulean imp hits the gnoll but does no damage.
The gnoll closely misses your cerulean imp.
Your cerulean imp hits the gnoll but does no damage.
Something hits your cerulean imp.
Your cerulean imp dies!
Your cerulean imp disappears in a puff of smoke!
Found a stone staircase leading up.
Found a wooden ring.
Found a stone staircase leading down.
n - a ring of protection from fire
n - a ring of protection from fire (right tentacle)
The gnoll hits you from afar with a +0 spear.
The gnoll shouts!
The gnoll hits you with a +0 heavy halberd!!
Ouch! That really hurt!
You die...

#.......>.#
#...<.....#
#.........#
#.........#
#.........#
#.........#
#.........#
#.........#
##J@g.....##
#..#g....##
#.###.####
#.# #.# #.#
#.## #.#
#.g# #.#
##.# ..# #.#
### #.#


You could see 2 gnolls and a neutral endoplasm (wandering) (fellow slime).

Vanquished Creatures
  A gnoll bouda (D:4)
  An iguana (D:2)
  2 worms
  2 dart slugs
  5 bats
  An endoplasm (D:1)
  A giant cockroach (D:1)
  4 goblins
  5 hobgoblins
  4 jackals
  7 kobolds
  6 quokkas
  6 ball pythons
  2 frilled lizards
  3 rats
50 creatures vanquished.

Vanquished Creatures (collateral kills)
  A giant cockroach (D:1)
  A goblin (D:1)
  3 hobgoblins
  A quokka (D:1)
  2 bats (D:1)
  A frilled lizard (D:1)
  A rat (D:1)
10 creatures vanquished.

Vanquished Creatures (others)
  A jelly (D:1)
  8 endoplasms
  2 giant cockroaches (D:1)
  A hobgoblin (D:3)
  8 jackals
  A ball python (D:3)
  A frilled lizard (D:2)
  2 goblins
  A kobold (D:2)
  4 rats
29 creatures vanquished.

Grand Total: 89 creatures vanquished

Notes
Turn   | Place    | Note
-------+----------+-------------------------------------------
     0 | D:1      | javelincjr the Octopode Hedge Wizard began the quest for
                  | the Orb.
     0 | D:1      | Reached XP level 1. HP: 11/11 MP: 4/4
     2 | D:1      | Found a runed translucent door.
   121 | D:1      | Reached XP level 2. HP: 12/17 MP: 1/6
   280 | D:1      | Learned a level 2 spell: Call Imp
   283 | D:1      | Learned a level 2 spell: Blink
   752 | D:1      | Reached XP level 3. HP: 21/21 MP: 7/7
  1031 | D:1      | Found a faded altar of an unknown god.
  1042 | D:1      | Prayed at the altar of an unknown god.
  1042 | D:1      | Became a worshipper of Jiyva Jeodd the Shapeless
  1042 | D:1      | Reached * piety under Jiyva
  1341 | D:2      | Reached XP level 4. HP: 23/27 MP: 9/9
  1408 | D:2      | Reached ** piety under Jiyva
  2548 | D:4      | Reached XP level 5. HP: 2/31 MP: 10/10
  2567 | D:4      | Slain by a gnoll

Illustrated notes

Levels and vault maps discovered:
D:1:      dpeg_arrival_caged_fury, layout_loops_ring,
          shapermc_ecumenical_altar_hornbeckon, minmay_bisected
D:2:      layout_basic, nrook_campfire, kennysheep_crisscross
D:3:      layout_loops_ring, lemuel_flame_loot_1
D:4:      layout_rooms, old_standard_altar

Skill      XL: |  1  2 |
---------------+-------+-----
Stealth        | 3 |  3.8
Dodging        | |  2.7
Shields        | |  0.7
Spellcasting   | |  3.7
Conjurations   | |  1.7
Summonings     | |  1.7
Translocations | |  1.7

Action                     |  1- 3 |  4- 6 || total
---------------------------+-------+-------++-------
  Melee: Dagger            |    75 |    36 ||   111
         Tentacles         |    16 |     8 ||    24
         Constrict         |    23 |     9 ||    32
         Punch             |     1 |       ||     1
   Cast: Magic Dart        |    23 |       ||    23
         Call Imp          |     7 |     4 ||    11
   Stab: Sleeping          |     8 |     8 ||    16
 Armour: Skin              |    35 |    19 ||    54
  Dodge: Dodged            |    65 |    25 ||    90

Table legend: (Time is in decaauts)
 A = Elapsed time spent in this place.
 B = Non-inter-level travel time spent in this place.
 C = Inter-level travel time spent in this place.
 D = Time resting spent in this place.
 E = Time spent auto-exploring this place.
 F = Levels seen in this place.
 G = Mean time per level.
                   A        B        C        D        E       F      G
               +--------+--------+--------+--------+--------+-----+--------+
         Total |   2565 |   2442 |    123 |     27 |   1961 |   4 |  641.2 |
       Dungeon |   2565 |   2442 |    123 |     27 |   1961 |   4 |  641.2 |
               +--------+--------+--------+--------+--------+-----+--------+

Top non-repeatable levels by time:
     D:1: 1169 daAuts
     D:3: 712 daAuts
     D:2: 640 daAuts
     D:4: 42 daAuts
